 Dungeon Crawl Stone Soup version 0.19-a0-1365-gb34f4cb (webtiles) character file.

38 shnurlf the Chiller (level 3, -2/22 HPs)
             Began as a Halfling Ice Elementalist on Aug 2, 2016.
             Slain by a worm (8 damage)
             ... on level 2 of the Dungeon on Sept 2, 2016.
             The game lasted 00:12:51 (1635 turns).

shnurlf the Chiller (Halfling Ice Elementalist)     Turns: 1635, Time: 00:12:51

Health: -2/22      AC:  3    Str:  8    XL:     3   Next: 65%
Magic:  4/5        EV: 15    Int: 14    God:
Gold:   83         SH:  0    Dex: 15    Spells: 2 memorised, 2 levels left

rFire  . . .     SeeInvis .     i - +0 dagger
rCold  . . .     Gourm    .     a - +0 robe
rNeg   . . .     Faith    .     (shield restricted)
rPois  .         Spirit   .     (no helmet)
rElec  .         Dismiss  .     (no cloak)
rCorr  .         Reflect  .     r - +0 pair of gloves
MR     .....     Harm     .     (no boots)
Stlth  ++........               (no amulet)
                                (no ring)
                                (no ring)

@: no status effects
A: mutation resistance 1
a: no special abilities


You were on level 2 of the Dungeon.
You were not hungry.

You visited 1 branch of the dungeon, and saw 2 of its levels.

You collected 83 gold pieces.

Inventory:

Hand Weapons
 i - a +0 dagger (weapon)
Armour
 a - a +0 robe (worn)
 o - a +0 scale mail
 r - a +0 pair of gloves (worn)
Scrolls
 d - a scroll of enchant weapon {unknown}
 e - a scroll of identify {unknown}
 m - 2 scrolls of teleportation {unknown}
 p - a scroll of noise {unknown}
 q - a scroll of blinking {unknown}
Potions
 h - 4 potions of flight {unknown}
 j - 3 potions of curing {unknown}
 k - a potion of agility {unknown}
Books
 b - a book of Frost

   Spells                             Type                      Level
   a - Freeze                         Ice                          1
   b - Throw Frost                    Conjuration/Ice              2
   c - Ozocubu's Armour               Charms/Ice                   3
   d - Throw Icicle                   Conjuration/Ice              4
   e - Summon Ice Beast               Ice/Summoning                4
Comestibles
 c - a bread ration
 g - a beef jerky
 l - a royal jelly
 n - a meat ration


   Skills:
 * Level 0.3 Fighting
 + Level 2.2 Short Blades
 - Level 2.1 Dodging
 - Level 2.1 Stealth
 - Level 1.9 Spellcasting
 - Level 0.7 Conjurations
 - Level 3.5 Ice Magic


You had 2 spell levels left.
You knew the following spells:

 Your Spells              Type           Power        Failure   Level  Hunger
a - Freeze                Ice            ##..         6%          1    ##.....
b - Throw Frost           Conj/Ice       #.....       17%         2    ###....


Dungeon Overview and Level Annotations

Branches:
Dungeon (2/15)

Altars:


Innate Abilities, Weirdness & Mutations

You are small and have problems with some larger weapons.
You are somewhat resistant to further mutation.


Message History

You are too injured to fight recklessly!
You are too injured to fight recklessly!
You are too injured to fight recklessly!
You are too injured to fight recklessly!
You are too injured to fight recklessly!
You are too injured to fight recklessly!
You are too injured to fight recklessly!
You are too injured to fight recklessly!
You are too injured to fight recklessly!
You are too injured to fight recklessly!
You are too injured to fight recklessly!
You are too injured to fight recklessly!
You are too injured to fight recklessly!
You hit the worm.
The worm is lightly wounded.
All of the chunks of flesh in your inventory have rotted away.
You hit the worm but do no damage.
The worm is lightly wounded.
The worm bites you!
You die...

..# .# ## #.# #+# .#
#.##.###.###### #.#
#....##.......############.#
#....##....>..'....)w.......
#...†##.......##########w...
#....##.......'.............
##...........w.##########.)..
#............@..##########....
#.............................
#.................########.###
###......#........# #....
#.#######.##....# #.... #.
$..####### #.... # ....# #....
..... #.... ...... #....


You could see a worm.

Vanquished Creatures
  2 dart slugs (D:1)
  A giant cockroach (D:1)
  7 goblins
  5 hobgoblins
  A quokka (D:2)
  A ball python (D:2)
  5 bats
  2 giant newts
  3 kobolds
  6 rats
33 creatures vanquished.

Notes
Turn   | Place    | Note
-------+----------+-------------------------------------------
     0 | D:1      | shnurlf the Halfling Ice Elementalist began the quest for the Orb.
     0 | D:1      | Reached XP level 1. HP: 11/11 MP: 3/3
   309 | D:1      | Reached XP level 2. HP: 17/17 MP: 1/4
   397 | D:1      | Learned a level 2 spell: Throw Frost
   640 | D:1      | Reached skill level 1 in Short Blades
   800 | D:1      | Reached XP level 3. HP: 13/21 MP: 0/5
  1612 | D:2      | Upgraded the game from 0.19-a0-1057-g15bb84d to 0.19-a0-1365-gb34f4cb
  1635 | D:2      | Slain by a worm

Vault maps used:
D:1:      nagdon_arrival_zigzag_paths, minmay_cupped
D:2:      lemuel_round_altar

Skill      XL: |  1  2  3 |
---------------+----------+-----
Short Blades   | 1 2 |  2.2
Fighting       | |  0.3
Dodging        | |  2.1
Stealth        | |  2.1
Spellcasting   | |  1.9
Conjurations   | |  0.7
Ice Magic      | |  3.5

Action                   || total
-------------------------++-------
Melee: Unarmed           ||     1
       Dagger            ||    59
 Cast: Freeze            ||    28
       Throw Frost       ||    14
 Stab: Sleeping          ||     2
  Eat: Chunk             ||     4
Armor: Robe              ||     8
Dodge: Dodged            ||    66
